 Dungeon Crawl Stone Soup version 0.31.0-32-g396128a36d (webtiles) character file.

Game seed: 3712636812012393857

6 spaghetti the Cutter (level 1, 0/21 HPs)
             Began as a Naga Chaos Knight on Mar 18, 2024.
             Was a Plaything of Xom.
             Slain by a jackal (2 damage)
             ... on level 1 of the Dungeon.
             The game lasted 00:00:27 (72 turns).

spaghetti the Cutter (Naga Chaos Knight)              Turns: 72, Time: 00:00:27

Health: 0/21       AC:  4    Str: 14    XL:     1   Next: 90%
Magic:  1/1        EV:  9    Int: 12    God:    Xom [..*...]
Gold:   0          SH:  0    Dex: 10    Spells: 0/0 levels left

rFire   . . .        a - +0 short sword (chaos)
rCold   . . .        (no shield)
rNeg    . . .        b - +2 leather armour
rPois   +            (no helmet)
rElec   .            (no cloak)
rCorr   .            (no gloves)
SInv    +            (no barding)
Will    .....        (no amulet)
Stlth   ++           (no ring)
HPRegen 0.23/turn    (no ring)
MPRegen 0.07/turn

%: no passive effects
@: invisible, very slow
A: AC +0, large, see invisible, deformed body, poison resistance, slowness 2,
spit poison 1, naga tail 1
a: Spit Poison, Renounce Religion


You were on level 1 of the Dungeon.
You worshipped Xom.
You were a toy of Xom.
You visited 1 branch of the dungeon, and saw 1 of its levels.

Inventory:

Hand Weapons
 a - a +0 short sword of chaos (weapon)
Armour
 b - a +2 leather armour (worn)
 d - a +0 helmet
Scrolls
 c - a scroll of butterflies


   Skills:
 - Level 3.0 Fighting
 - Level 3.0 Short Blades
 - Level 1.5 Armour
 - Level 0.7 Dodging
 + Level 2.4 Stealth


You couldn't memorise any spells.
You didn't know any spells.
Your spell library was empty.

Dungeon Overview and Level Annotations

Branches:
Dungeon (1/15)

Altars:


Innate Abilities, Weirdness & Mutations

Your serpentine skin is tough. (AC +0)
You have supernaturally acute eyesight. (SInv)
Armour fits poorly on your strangely shaped body.
Your system is resistant to poisons. (rPois)
You cover ground very slowly.
You can spit poison.
You have a snake-like lower body.


Message History

The jackal bites you but does no damage.
The jackal barely misses you. The jackal bites you.
* * * LOW HITPOINT WARNING * * *
You barely miss the jackal. The jackal barely misses you.
The jackal bites you but does no damage.
The jackal misses you. The rat completely misses you.
The jackal closely misses you.
You miss the jackal. The jackal closely misses you.
The jackal bites you but does no damage.
The jackal closely misses you. The jackal misses you.
The jackal bites you but does no damage.
You hit the jackal.
The jackal is poisoned.
The jackal is lightly wounded.
The jackal misses you. The jackal barely misses you. x3
The jackal bites you but does no damage. x2
You barely miss the jackal.
The jackal is lightly wounded.
The jackal closely misses you.
The jackal bites you but does no damage.
The jackal barely misses you. The jackal closely misses you.
You catch the helpless jackal completely off-guard!
You hit the jackal.
You kill the jackal!
The jackal barely misses you. The jackal bites you.
* * * LOW HITPOINT WARNING * * *
The jackal closely misses you.
You hit the jackal but do no damage.
The jackal bites you but does no damage.
You aren't carrying any potions.
You barely miss the jackal. The jackal barely misses you.
The jackal completely misses you. The rat bites you.
* * * LOW HITPOINT WARNING * * *
The jackal bites you but does no damage.
The jackal barely misses you.
You strike the helpless jackal from behind!
You hit the jackal.
The jackal appears confused.
The jackal is moderately wounded.
The rat barely misses you. The jackal bites you.
You die... "Boring in life, boring in death..."

$...... ....... *
....... *
#########....... *
#.........?.....
#............... ,*
#........r......
#.......@)...... .
####.†....h.h......
.#
#........$.h.......
..#
#..................
#..#
#........#+#.......
#..##........#
.......
#..†........#
#######
###.........#
##...........#


You could see 3 jackals and a rat (unable to see you).

Vanquished Creatures
  2 bats (D:1)
  A hobgoblin (D:1)
  A jackal (D:1)
  A ball python (D:1)
  A kobold (D:1)
6 creatures vanquished.

Notes
Turn   | Place    | Note
-------+----------+-------------------------------------------
     0 | D:1      | spaghetti the Naga Chaos Knight began the quest for the
                  | Orb.
     0 | D:1      | Reached XP level 1. HP: 21/21 MP: 1/1
    33 | D:1      | Reached skill level 1 in Stealth
    39 | D:1      | XOM: divination: magic mapping
    56 | D:1      | XOM: silly message
    61 | D:1      | XOM: potion effect (invisibility)
    72 | D:1      | Slain by a jackal

Illustrated notes

Levels and vault maps discovered:
D:1:      amcnicky_arrival_single_pillar, layout_basic,
          hellmonk_ecumenical_altar_inner_sanctum

Skill      XL: |  1 |
---------------+----+-----
Stealth        | 2 |  2.4
Fighting       | |  3.0
Short Blades   | |  3.0
Armour         | |  1.5
Dodging        | |  0.7

Action                     || total
---------------------------++-------
  Melee: Short sword       ||    32
Ability: Spit Poison       ||     1
   Stab: Invisible         ||     2
 Armour: Leather armour    ||    54
  Dodge: Dodged            ||    66
